[Event "New York Winter Invitational IM-D 2022"]
[Site "New York"]
[Date "2022.01.14"]
[Round "1.1"]
[White "Hardaway, Brewington"]
[Black "Canty, James"]
[Result "1-0"]
[ECO "B38"]
[WhiteElo "2207"]
[BlackElo "2201"]
[Annotator "ChessBase"]
[PlyCount "93"]
[EventDate "2022.01.11"]
[EventType "tourn"]
[EventCountry "USA"]
[SourceTitle "playchess.com"]
[Source "ChessBase"]
[SourceQuality "1"]
[TimeControl "5400+30"]

1. e4 c5 2. Nf3 g6 3. d4 cxd4 4. Nxd4 Nc6 5. c4 Bg7 6. Be3 Qb6 7. Nb3 Qd8 8. Nc3 Bxc3+ 9. bxc3 Nf6 10. f3 d6 11. Qd2 b6 12. Bh6 Rg8 13. Rd1 Qc7 14. Nd4 Ne5 15. Nb5 Qc6 16. Bg5 Nfd7 17. Qd5 Qxd5 18. cxd5 f6 19. Nc7+ Kd8 20. Ne6+ Ke8 21. Be3 Rb8 22. Rb1 f5 23. Bb5 Kf7 24. Ng5+ Kg7 25. f4 a6 26. Ne6+ Kf7 27. Be2 Ng4 28. Ng5+ Kg7 29. Bd4+ Ngf6 30. e5 dxe5 31. fxe5 Nxd5 32. c4 Nc7 33. e6+ Nf6 34. Be5 Rb7 35. Bf3 Ra7 36. Rxb6 h6 37. h4 a5 38. Nh3 Nxe6 39. Bd5 Kf7 40. Bxf6 exf6 41. Nf4 Re8 42. Kf2 Rae7 43. h5 gxh5 44. Re1 h4 45. Nxe6 Bxe6 46. Rbxe6 Rxe6 47. Kf3 1-0

[Event "New York Winter Invitational IM-D 2022"]
[Site "New York"]
[Date "2022.01.15"]
[Round "4.2"]
[White "Managadze, Nikoloz"]
[Black "Canty, James"]
[Result "0-1"]
[ECO "E62"]
[WhiteElo "2453"]
[BlackElo "2201"]
[Annotator "ChessBase"]
[PlyCount "78"]
[EventDate "2022.01.11"]
[EventType "tourn"]
[EventCountry "USA"]
[SourceTitle "playchess.com"]
[Source "ChessBase"]
[SourceQuality "1"]
[TimeControl "5400+30"]

1. c4 Nf6 2. Nc3 g6 3. g3 Bg7 4. Bg2 O-O 5. d4 d6 6. Nf3 Nc6 7. d5 Na5 8. Qd3 c5 9. dxc6 Nxc6 10. O-O Bg4 11. h3 Be6 12. Ng5 Bd7 13. Nd5 Rc8 14. Bf4 Nxd5 15. cxd5 Nd4 16. a4 Rc2 17. Be3 Nxe2+ 18. Kh2 Rxb2 19. Rab1 Rxb1 20. Rxb1 Nc3 21. Rxb7 Nxa4 22. Rxa7 Nc5 23. Qc4 Bf5 24. Bxc5 dxc5 25. Qxc5 e6 26. h4 h6 27. Ne4 exd5 28. Nd6 Be6 29. f4 Bf6 30. Nb5 Qb8 31. Bxd5 Rc8 32. Rc7 Rxc7 33. Nxc7 Qb2+ 34. Bg2 Bd4 35. Qb5 Bb3 36. Qe8+ Kg7 37. Qe1 Qc2 38. Ne8+ Kh7 39. Qe7 Bd5 0-1

[Event "New York Winter Invitational IM-D 2022"]
[Site "New York"]
[Date "2022.01.15"]
[Round "4.3"]
[White "Xu, Grant"]
[Black "Hardaway, Brewington"]
[Result "1/2-1/2"]
[ECO "B21"]
[WhiteElo "2231"]
[BlackElo "2207"]
[Annotator "ChessBase"]
[PlyCount "187"]
[EventDate "2022.01.11"]
[EventType "tourn"]
[EventCountry "USA"]
[SourceTitle "playchess.com"]
[Source "ChessBase"]
[SourceQuality "1"]
[TimeControl "5400+30"]

1. e4 c5 2. d4 cxd4 3. c3 dxc3 4. Nxc3 e6 5. Nf3 Nc6 6. Bc4 Bb4 7. O-O Nge7 8. Qc2 O-O 9. Rd1 Ng6 10. Be3 b6 11. Bg5 Be7 12. Bxe7 Qxe7 13. Nb5 Na5 14. Bf1 Bb7 15. Nd6 Bc6 16. Ba6 Rab8 17. b4 Bb7 18. Nxb7 Nxb7 19. Qc7 d5 20. Rac1 dxe4 21. Qxe7 Nxe7 22. Ne5 Nd5 23. Nd7 Nd6 24. Nxb8 Rxb8 25. Rc6 Nf5 26. g4 Nfe7 27. Rd6 h5 28. gxh5 Nxb4 29. Rd8+ Rxd8 30. Rxd8+ Kh7 31. Bb7 Nxa2 32. Bxe4+ f5 33. Rd7 Ng8 34. Rxa7 Nc3 35. Bf3 e5 36. Bc6 Nf6 37. Rb7 Kh6 38. Rxb6 Nxh5 39. Bf3+ Nf6 40. Rc6 Nb5 41. Rc5 Nd4 42. Bb7 e4 43. Rc4 Nf3+ 44. Kg2 Nh5 45. Rc5 Nf4+ 46. Kh1 g6 47. Ba6 Nh3 48. Rc2 Kg5 49. Bf1 Nf4 50. Rc3 Nd5 51. Rc5 Nf6 52. Be2 Nh4 53. Kg1 Nd7 54. Ra5 Nf8 55. Bc4 Nf3+ 56. Kg2 Nd7 57. Be2 Nde5 58. Bxf3 Nxf3 59. Kg3 Nd4 60. h4+ Kh5 61. Ra2 g5 62. hxg5 Kxg5 63. Ra5 Ne2+ 64. Kg2 Kg4 65. Kf1 Nf4 66. Ra8 Kf3 67. Rf8 Kg4 68. Rg8+ Kh5 69. Ke1 Ng6 70. Ke2 Kg5 71. Ke3 Kf6 72. Kd4 Kf7 73. Ra8 Kf6 74. Kd5 Nf4+ 75. Kd4 Ne6+ 76. Ke3 Nc7 77. Rc8 Nd5+ 78. Kd4 Nf4 79. Rb8 Ne6+ 80. Ke3 Nc7 81. Kf4 Ne6+ 82. Kg3 Nd4 83. Kh4 Ke5 84. Kg3 Ne2+ 85. Kg2 Nd4 86. Rb4 Ne2 87. Rb5+ Kf4 88. Rc5 Nd4 89. Rd5 Nf3 90. Kh3 Ne5 91. Ra5 Nd3 92. Kg2 Ne1+ 93. Kf1 Nf3 94. Ra8 1/2-1/2

[Event "New York Winter Invitational IM-D 2022"]
[Site "New York"]
[Date "2022.01.17"]
[Round "7.3"]
[White "Canty, James"]
[Black "Rosenberg, Evan S"]
[Result "1-0"]
[ECO "A21"]
[WhiteElo "2201"]
[BlackElo "2099"]
[Annotator "RC"]
[PlyCount "87"]
[EventDate "2022.01.11"]
[EventType "tourn"]
[EventCountry "USA"]
[SourceTitle "playchess.com"]
[Source "ChessBase"]
[SourceQuality "1"]
[TimeControl "5400+30"]

1. c4 e5 2. Nc3 Bb4 3. e4 Bxc3 4. dxc3 d6 5. Bd3 Nf6 6. f3 a5 7. Be3 Na6 8. Ne2 b6 9. O-O Bb7 10. Ng3 Nc5 11. Bc2 Ba6 12. b3 Ne6 13. f4 h5 14. h3 h4 15. Nf5 exf4 16. Bxf4 Nh5 17. Bxd6 g6 18. Qd5 Rb8 19. Qe5 Rh7 20. Rad1 gxf5 21. exf5 cxd6 22. Rxd6 Qc7 23. fxe6 f6 24. Rxf6 Qc5+ 25. Qxc5 bxc5 26. Bxh7 Nxf6 27. Bg6+ Ke7 28. Rxa6 Rd8 29. Rxa5 Kxe6 30. Rxc5 Rd1+ 31. Kh2 Rd2 32. a4 Ra2 33. a5 Kd6 34. Rb5 Nd7 35. Bf5 Nc5 36. b4 Na4 37. Rd5+ Kc7 38. b5 Nxc3 39. Rd7+ Kb8 40. a6 Ka8 41. Bg4 Kb8 42. Bf3 Kc8 43. Bc6 Ne4 44. b6 1-0